 Dungeon Crawl Stone Soup version 0.27.1 (webtiles) character file.

Game seed: 4325374662459481401

411 Naeght the Spear-Bearer (level 6, 0/48 HPs)
             Began as a Merfolk Gladiator on Aug 27, 2021.
             Was an Initiate of Okawaru.
             Slain by a water moccasin (4 damage)
             ... on level 4 of the Dungeon.
             The game lasted 00:05:12 (4145 turns).

Naeght the Spear-Bearer (Merfolk Gladiator)         Turns: 4145, Time: 00:05:13

Health: 0/48       AC:  3    Str: 16    XL:     6   Next: 90%
Magic:  6/6        EV: 14    Int:  8    God:    Okawaru [......]
Gold:   217        SH:  0    Dex: 15    Spells: 5/5 levels left

rFire    . . .     SeeInvis +   a - +0 trident
rCold    . . .     Faith    .   (no shield)
rNeg     . . .     Spirit   .   b - +0 leather armour
rPois    .         Reflect  .   (no helmet)
rElec    .         Harm     .   (no cloak)
rCorr    .         Rampage  .   (no gloves)
Will     .....                  (no boots)
Stlth    +.........             (no amulet)
HPRegen  0.16/turn              e - ring of see invisible
MPRegen  0.10/turn              (no ring)

@: no status effects
A: (nimble swimmer 2), mertail
a: Renounce Religion


You were on level 4 of the Dungeon.
You worshipped Okawaru.
Okawaru was noncommittal.
You visited 1 branch of the dungeon, and saw 5 of its levels.

You collected 217 gold pieces.

Inventory:

Hand Weapons
 a - a +0 trident (weapon)
Missiles
 d - 2 throwing nets (quivered)
Armour
 b - a +0 leather armour (worn)
 j - a +0 helmet of see invisible
Jewellery
 e - a ring of see invisible (left hand)
Scrolls
 f - a scroll of noise {unknown}
 h - 2 scrolls of enchant weapon {unknown}
 k - a scroll of amnesia {unknown}
 l - 2 scrolls of teleportation {unknown}
 m - 2 scrolls of identify {unknown}
 n - a scroll of vulnerability {unknown}
 p - 2 scrolls of torment {unknown}
 r - a scroll of acquirement {unknown}
 s - a scroll of immolation {unknown}
Potions
 c - a potion of degeneration {unknown}
 g - 3 potions of curing {unknown}
 i - a potion of mutation {unknown}
 o - 2 potions of heal wounds {unknown}
 q - a potion of might


   Skills:
 + Level 4.2 Fighting
 * Level 8.1 Polearms
 - Level 2.0 Throwing
 + Level 5.9 Dodging
 + Level 1.2 Invocations


You had 5 spell levels left.
You didn't know any spells.
Your spell library contained the following spells:

 Spells                   Type           Power      Damage    Failure   Level
 Sandblast                Erth           0%         2d4       47%         1
 Passwall                 Tmut/Erth      0%         N/A       63%         2
 Lee's Rapid Deconstruct  Erth           0%         3d5*      100%        5


Dungeon Overview and Level Annotations

Branches:
Dungeon (5/15)
 Temple: D:4-7

Altars:
Ashenzari
Okawaru
Trog
Vehumet
Wu Jian


Innate Abilities, Weirdness & Mutations

((You are quick and stealthy near water. (Stealth+, EV+, Speed+++)))
Your lower body shifts to a powerful aquatic tail in water.


Message History

You hit the hound.
The hound is severely wounded.
The hound bites you but does no damage. The hound barely misses you.
You closely miss the hound.
The hound is severely wounded.
The water moccasin bites you. The hound barely misses you.
The water moccasin barely misses you.
You barely miss the hound.
The hound is severely wounded.
The hound barely misses you. The water moccasin bites you.
You closely miss the hound.
The hound is severely wounded.
The hound bites you. The water moccasin bites you. The hound bites you.
You puncture the hound!
You kill the hound!
Okawaru accepts your kill. The water moccasin bites you!
You are too injured to fight recklessly!
You are too injured to fight recklessly!
You are too injured to fight recklessly!
You are too injured to fight recklessly!
You are too injured to fight recklessly!
You are too injured to fight recklessly!
You are too injured to fight recklessly!
You are too injured to fight recklessly!
Unknown command.
The water moccasin bites you. The water moccasin bites you!
* * * LOW HITPOINT WARNING * * *
There is a stone staircase leading up here.
The water moccasin bites you.
* * * LOW HITPOINT WARNING * * *
You climb upwards.
There is a stone staircase leading down here.
Throw: 3 throwing nets
Press: ? - help, Q - select action Shift-Dir - straight line, f - water moccasin
Aim: a water moccasin (44% to hit)
You throw a throwing net.
The throwing net closely misses the water moccasin.
The water moccasin bites you.
You die...

........#......#...........#.....
........#......#....#............
........#.###..#(...#............
.....####...........#............
#######......#......#)...........
.....##......#..<...#............
####.##......##.....#......#.....
####.##......##.(...#......#.....
.....##[.....##S@..........#.....
.....##......##.#####......#.....
..#.###......##.# ########.....
#.#........^.##.# #.....
#.#..##......##.# #..(..
..#..##......##.# #.....
########.######.############.....
#.# #.................) #.#
###################


You could see a water moccasin.

Vanquished Creatures
  A black bear (D:4)
  A scorpion (D:4)
  2 jellies (D:4)
  A hound (D:5)
  An iguana (D:4)
  Robin (D:3)
  A gnoll (D:1)
  5 adders
  A worm (D:3)
  A dart slug (D:1)
  2 orcs (D:3)
  6 ball pythons
  6 endoplasms
  5 giant cockroaches
  10 hobgoblins
  10 kobolds
  4 quokkas
  3 bats
  6 frilled lizards
  11 goblins
  4 rats
82 creatures vanquished.

Notes
Turn   | Place    | Note
-------+----------+-------------------------------------------
     0 | D:1      | Naeght the Merfolk Gladiator began the quest for the Orb.
     0 | D:1      | Reached XP level 1. HP: 16/16 MP: 1/1
    54 | D:1      | Found a faded altar of an unknown god.
   152 | D:1      | Reached skill level 5 in Polearms
   152 | D:1      | Reached XP level 2. HP: 9/23 MP: 2/2
   540 | D:1      | Reached XP level 3. HP: 27/28 MP: 3/3
  1168 | D:2      | Reached XP level 4. HP: 32/34 MP: 4/4
  1453 | D:2      | You fall into a shaft and drop 1 floor!
  1463 | D:3      | Reached skill level 6 in Polearms
  1644 | D:3      | Noticed Robin
  1768 | D:3      | Killed Robin
  1999 | D:3      | Reached skill level 5 in Dodging
  2687 | D:2      | Reached XP level 5. HP: 41/41 MP: 5/5
  3097 | D:4      | Noticed a black bear
  3106 | D:4      | Killed a black bear
  3107 | D:4      | Reached skill level 7 in Polearms
  3307 | D:4      | Found an iron altar of Okawaru.
  3315 | D:4      | Found a bloodstained altar of Trog.
  3315 | D:4      | Found a broken altar of Ashenzari.
  3317 | D:4      | Found an ornate altar of the Wu Jian Council.
  3318 | D:4      | Found a radiant altar of Vehumet.
  3362 | D:4      | Reached XP level 6. HP: 36/48 MP: 6/6
  3386 | D:4      | Became a worshipper of Warmaster Okawaru
  3674 | D:4      | Reached skill level 1 in Invocations
  3871 | D:4      | Reached skill level 8 in Polearms
  4134 | D:5      | Entered Level 5 of the Dungeon
  4135 | D:5      | Noticed a water moccasin
  4145 | D:4      | Slain by a water moccasin

Illustrated notes

Levels and vault maps discovered:
D:1:      dpeg_arrival_simpleton_b, layout_basic,
          chequers_ecumenical_altar_island, amcnicky_mini_corridor_feature
D:2:      layout_loops_ring, grunt_ministairs_4
D:3:      layout_loops_ring, uniq_robin
D:4:      layout_basic, minitemple
D:5:      layout_cave_pods, mainiacjoe_overflow_chevrons, serial_shops, shop

Skill      XL: |  1  2  3  4  5  6 |
---------------+-------------------+-----
Polearms       | 5 6 7 8 |  8.1
Fighting       | 3 4 |  4.2
Dodging        | 5 |  5.9
Invocations    | 1 |  1.2
Throwing       | |  2.0

Action                   |  1- 3 |  4- 6 || total
-------------------------+-------+-------++-------
Melee: Trident           |    75 |   187 ||   262
       Tailslap          |     1 |       ||     1
Throw: Throwing net      |       |     1 ||     1
 Stab: Sleeping          |     2 |     1 ||     3
Armor: Leather armour    |     7 |    35 ||    42
Dodge: Dodged            |    32 |   103 ||   135
